[Event "White Rook U14 Final 2019"]
[Site "Sochi"]
[Date "2019.06.06"]
[Round "3.14"]
[White "Babeshko, Vitaliy"]
[Black "Munkhzul, Davaakhuu"]
[Result "0-1"]
[ECO "B45"]
[WhiteElo "1331"]
[BlackElo "1806"]
[Annotator "NA RC"]
[PlyCount "92"]
[EventDate "2019.06.02"]
[EventCountry "RUS"]
[SourceTitle "playchess.com"]
[Source "ChessBase"]
[SourceQuality "1"]
[TimeControl "5400+30"]

1. e4 c5 2. Nf3 e6 3. d4 cxd4 4. Nxd4 Nc6 5. Nc3 Nf6 6. Ndb5 Bb4 7. a3 Bxc3+ 8. Nxc3 d5 9. exd5 exd5 10. Bd3 O-O 11. O-O d4 12. Ne2 Bg4 13. h3 Bxe2 14. Bxe2 Qb6 15. Rb1 Rfe8 16. Bf4 Rad8 17. Re1 Ne5 18. Bd3 Nxd3 19. Rxe8+ Rxe8 20. Qxd3 Nd5 21. Bg3 Nc3 22. Rf1 Qxb2 23. Kh2 Qb5 24. Rd1 Qb6 25. Rd2 Rd8 26. Be5 Nb1 27. Rd1 Nc3 28. Rd2 a6 29. Bxd4 Qd6+ 30. Qg3 Qxg3+ 31. fxg3 Nb5 32. c3 Nxa3 33. Re2 Nb5 34. Re7 Nxd4 35. cxd4 Rb8 36. d5 Kf8 37. d6 b6 38. g4 a5 39. Re4 Rd8 40. Rd4 f6 41. Kg3 Kf7 42. Kf4 Ke6 43. h4 Rxd6 44. Ra4 Rd2 45. g3 Kd5 46. g5 Rd4+ 0-1

[Event "White Rook U14 Final 2019"]
[Site "Sochi"]
[Date "2019.06.06"]
[Round "3.15"]
[White "Aldar Burentegsh"]
[Black "Eperin, Andrey"]
[Result "1-0"]
[ECO "B33"]
[WhiteElo "1812"]
[BlackElo "1288"]
[Annotator "NA RC"]
[PlyCount "131"]
[EventDate "2019.06.02"]
[EventCountry "RUS"]
[SourceTitle "playchess.com"]
[Source "ChessBase"]
[SourceQuality "1"]
[TimeControl "5400+30"]

1. e4 c5 2. Nf3 Nc6 3. d4 cxd4 4. Nxd4 Nf6 5. Nc3 e5 6. Ndb5 d6 7. Bg5 a6 8. Na3 b5 9. Nd5 Be7 10. Bxf6 Bxf6 11. c3 O-O 12. Be2 Be6 13. Nxf6+ Qxf6 14. Qxd6 Rac8 15. Qd2 Rfd8 16. Qe3 Rb8 17. Nc2 Rdc8 18. O-O a5 19. f4 exf4 20. Rxf4 Qg6 21. Nd4 Nxd4 22. cxd4 Rc2 23. d5 Bc8 24. Raf1 Rb7 25. Qd3 Rcc7 26. Qf3 Qd6 27. Bd3 Qe5 28. Qf2 f6 29. Qe2 Bd7 30. Qd2 Rc8 31. Kh1 b4 32. b3 Rbc7 33. Bc4 Qd6 34. Qf2 Re8 35. h4 Re5 36. g4 h6 37. Rg1 Be8 38. Qf3 Bg6 39. Rg2 Rce7 40. Re2 Re8 41. h5 Bf7 42. Qg3 Rd8 43. Rf5 Rxf5 44. Qxd6 Rxh5+ 45. Qh2 Rxh2+ 46. Kxh2 Kf8 47. Kg3 Ke7 48. Kf4 Kd6 49. Rc2 Rc8 50. Re2 Re8 51. Bb5 Re7 52. Bd3 Re8 53. Rc2 Ra8 54. Rc6+ Kd7 55. Bb5 Kd8 56. Rd6+ Ke7 57. Rd7+ Kf8 58. Kf5 Be8 59. Rb7 Bxb5 60. Rxb5 Ra7 61. Kg6 Ra8 62. Rb7 Re8 63. Rf7+ Kg8 64. Rxg7+ Kh8 65. d6 Rd8 66. d7 1-0

[Event "White Rook U14 Final 2019"]
[Site "Sochi"]
[Date "2019.06.06"]
[Round "3.16"]
[White "Noyanzina, Sofia"]
[Black "Unurzul, Davaakhuu"]
[Result "1/2-1/2"]
[ECO "C50"]
[WhiteElo "1318"]
[BlackElo "1442"]
[Annotator "NA RC"]
[PlyCount "114"]
[EventDate "2019.06.02"]
[EventCountry "RUS"]
[SourceTitle "playchess.com"]
[Source "ChessBase"]
[SourceQuality "1"]
[TimeControl "5400+30"]

1. e4 e5 2. Nf3 Nc6 3. d4 exd4 4. Bc4 d6 5. Nxd4 Nf6 6. Nxc6 bxc6 7. Nc3 Be7 8. O-O O-O 9. h3 h6 10. Re1 Bb7 11. Qe2 Re8 12. Ba6 Bxa6 13. Qxa6 Qd7 14. Qa4 Reb8 15. Rb1 a5 16. a3 Nh7 17. Nd5 Bf6 18. b3 Rd8 19. Nf4 Re8 20. Bb2 Be5 21. Nd3 Bxb2 22. Nxb2 Nf6 23. f3 d5 24. exd5 cxd5 25. Rxe8+ Qxe8 26. Qxe8+ Rxe8 27. Kf2 Kf8 28. Re1 Re6 29. Nd3 Rc6 30. Re2 Rc3 31. Ke3 c5 32. Kd2 d4 33. Nb2 c4 34. Nd1 Rxc2+ 35. Kxc2 d3+ 36. Kd2 dxe2 37. Kxe2 cxb3 38. Nb2 Nd5 39. Kd2 Ke7 40. a4 Nf4 41. Nc4 Nxg2 42. Nxa5 b2 43. Kc2 Ne1+ 44. Kxb2 Nxf3 45. Nb7 Kd7 46. a5 Kc7 47. Nc5 Ng5 48. h4 Nf3 49. h5 Kc6 50. a6 Kb6 51. Kc3 Ne5 52. Kd4 Nc6+ 53. Kd5 Ne7+ 54. Kd6 Nf5+ 55. Kd7 Nd4 56. Ke7 f5 57. Nd3 Kxa6 1/2-1/2

[Event "White Rook U14 Final 2019"]
[Site "Sochi"]
[Date "2019.06.06"]
[Round "3.17"]
[White "Erastov, Semen"]
[Black "Efimov, Leonid"]
[Result "1-0"]
[ECO "E04"]
[WhiteElo "2028"]
[BlackElo "1666"]
[Annotator "NA RC"]
[PlyCount "63"]
[EventDate "2019.06.02"]
[EventCountry "RUS"]
[SourceTitle "playchess.com"]
[Source "ChessBase"]
[SourceQuality "1"]
[TimeControl "5400+30"]

1. d4 d5 2. c4 e6 3. Nf3 Nf6 4. g3 dxc4 5. Bg2 Bb4+ 6. Bd2 c5 7. Bxb4 cxb4 8. Ne5 O-O 9. Nxc4 Nc6 10. e3 Nd5 11. O-O b5 12. Ncd2 Bb7 13. Nb3 Rc8 14. N1d2 Ba8 15. Qe2 a6 16. Nc5 e5 17. Ndb3 exd4 18. Rfd1 Re8 19. Qd2 a5 20. Rac1 Nb6 21. Bxc6 Nc4 22. Qxd4 Bxc6 23. Qxd8 Rexd8 24. Rxd8+ Rxd8 25. Nd4 Bd5 26. b3 Nd2 27. Rd1 Ne4 28. Nxe4 Bxe4 29. Rc1 Bd3 30. Nc6 Rc8 31. Ne7+ Kf8 32. Nxc8 1-0

[Event "White Rook U14 Final 2019"]
[Site "Sochi"]
[Date "2019.06.06"]
[Round "3.18"]
[White "Ivanov, Matvei"]
[Black "Zhukov, Maksim"]
[Result "0-1"]
[ECO "B13"]
[WhiteElo "1529"]
[BlackElo "1986"]
[Annotator "NA RC"]
[PlyCount "70"]
[EventDate "2019.06.02"]
[EventCountry "RUS"]
[SourceTitle "playchess.com"]
[Source "ChessBase"]
[SourceQuality "1"]
[TimeControl "5400+30"]

1. e4 c6 2. d4 d5 3. exd5 cxd5 4. Bd3 Nc6 5. c3 g6 6. Bf4 Nf6 7. Nf3 Bf5 8. Bxf5 gxf5 9. Ne5 e6 10. Nd2 Rg8 11. O-O Be7 12. Qe2 Qb6 13. Rab1 Nxe5 14. Bxe5 Ng4 15. h3 Nxe5 16. Qxe5 Bd6 17. Qe2 O-O-O 18. a4 Rg6 19. f4 Rdg8 20. Rf2 Rg3 21. Kh1 a6 22. Rf3 Rxg2 23. Qxg2 Rxg2 24. Kxg2 Qa5 25. Ra1 Qd8 26. b4 h5 27. Nb3 h4 28. Nc5 Bxf4 29. Nd3 Bc7 30. Kf2 Qg5 31. Ke2 Qg2+ 32. Nf2 Bg3 33. Rf1 f6 34. Re3 e5 35. dxe5 fxe5 0-1

[Event "White Rook U14 Final 2019"]
[Site "Sochi"]
[Date "2019.06.06"]
[Round "3.19"]
[White "Ermolaev, Ivan"]
[Black "Valiev, Ravil"]
[Result "1-0"]
[ECO "C06"]
[WhiteElo "1776"]
[BlackElo "1458"]
[Annotator "NA RC"]
[PlyCount "49"]
[EventDate "2019.06.02"]
[EventCountry "RUS"]
[SourceTitle "playchess.com"]
[Source "ChessBase"]
[SourceQuality "1"]
[TimeControl "5400+30"]

1. e4 e6 2. d4 d5 3. Nd2 Nf6 4. e5 Nfd7 5. Bd3 c5 6. c3 Nc6 7. Ne2 cxd4 8. cxd4 Qb6 9. Nf3 f6 10. exf6 Nxf6 11. O-O Bd6 12. b3 O-O 13. Bb2 Bd7 14. Rc1 Rfc8 15. Ne5 Qd8 16. Ng3 Rab8 17. Bb1 b5 18. Qd3 Nb4 19. Qe3 Be8 20. a3 Nc6 21. Nxc6 Bxc6 22. Qxe6+ Kh8 23. Nf5 Ne8 24. Rfe1 Rb7 25. Rxc6 1-0

[Event "White Rook U14 Final 2019"]
[Site "Sochi"]
[Date "2019.06.06"]
[Round "3.20"]
[White "Magizova, Yana"]
[Black "Kuzmina, Varvara"]
[Result "1/2-1/2"]
[ECO "B24"]
[WhiteElo "1585"]
[BlackElo "1190"]
[Annotator "NA RC"]
[PlyCount "149"]
[EventDate "2019.06.02"]
[EventCountry "RUS"]
[SourceTitle "playchess.com"]
[Source "ChessBase"]
[SourceQuality "1"]
[TimeControl "5400+30"]

1. e4 c5 2. Nc3 g6 3. d3 Bg7 4. g3 Nc6 5. Bg2 e6 6. Nge2 Nge7 7. Be3 b6 8. Bf4 d6 9. Qc1 O-O 10. Bh6 d5 11. Bxg7 Kxg7 12. h4 h5 13. Qg5 d4 14. Nb5 e5 15. Bh3 Ng8 16. Qxd8 Rxd8 17. Nc7 Rb8 18. Bxc8 Rbxc8 19. Nd5 f5 20. f3 b5 21. Kd2 c4 22. Rac1 Nge7 23. Nxe7 Nxe7 24. Rhg1 Rc7 25. a3 a5 26. Rge1 b4 27. axb4 axb4 28. dxc4 Rxc4 29. b3 Rc7 30. Ra1 Rcd7 31. Kd3 Rf8 32. Ra5 Nc6 33. Rc5 Rc7 34. Ng1 f4 35. Nh3 fxg3 36. Ng5 Re8 37. Rg1 Rcc8 38. Rxg3 Na7 39. Ra5 Rc3+ 40. Kd2 Nc6 41. Rb5 Re7 42. Rg1 Nd8 43. Rb6 Rec7 44. Rc1 R3c6 45. Rxb4 Nf7 46. Nxf7 Rxf7 47. Rf1 Rc3 48. Rb5 Rfc7 49. Rxe5 Rxc2+ 50. Kd3 R2c3+ 51. Kxd4 Rxb3 52. Rd5 Rf7 53. f4 Rh3 54. f5 Rxh4 55. Rg1 Rg4 56. fxg6 Kxg6 57. Rd6+ Rf6 58. Rxf6+ Kxf6 59. Rf1+ Ke6 60. Ra1 Rg6 61. Ra6+ Kf7 62. Ra7+ Ke6 63. Rh7 Rg5 64. Rh6+ Kf7 65. e5 Kg7 66. Ra6 h4 67. Ra7+ Kg8 68. e6 Kf8 69. Rh7 h3 70. Rxh3 Ke7 71. Re3 Rg6 72. Kd5 Rg5+ 73. Re5 Rxe5+ 74. Kxe5 Ke8 75. Ke4 1/2-1/2

[Event "White Rook U14 Final 2019"]
[Site "Sochi"]
[Date "2019.06.06"]
[Round "3.21"]
[White "Mongush, Kezhik"]
[Black "Voloshkin, Daniil"]
[Result "1/2-1/2"]
[ECO "E18"]
[WhiteElo "1824"]
[BlackElo "1557"]
[Annotator "NA RC"]
[PlyCount "112"]
[EventDate "2019.06.02"]
[EventCountry "RUS"]
[SourceTitle "playchess.com"]
[Source "ChessBase"]
[SourceQuality "1"]
[TimeControl "5400+30"]

1. d4 Nf6 2. c4 e6 3. Nf3 b6 4. g3 Bb7 5. Bg2 Be7 6. O-O O-O 7. Nc3 d5 8. Nd2 c5 9. dxc5 Bxc5 10. cxd5 Nxd5 11. Nxd5 Bxd5 12. Ne4 Be7 13. Qa4 Qd7 14. Qxd7 Nxd7 15. Rd1 Rfd8 16. Bf4 Rac8 17. Nd6 Bxd6 18. Bxd6 Nf8 19. Be7 Rd7 20. Bxf8 Kxf8 21. Bxd5 Rxd5 22. Kf1 Rc2 23. Rxd5 exd5 24. Rb1 Ke7 25. Ke1 Kd6 26. Kd1 Rc4 27. b3 Rc5 28. Kd2 d4 29. b4 Rc4 30. Rb3 Kc6 31. Kd3 b5 32. Kd2 Kb6 33. Kd3 f5 34. Kd2 g5 35. Kd3 g4 36. Rb2 a5 37. bxa5+ Kxa5 38. e3 dxe3 39. fxe3 Rc7 40. Kd4 Re7 41. Rf2 Re4+ 42. Kd3 Re5 43. Rf4 Rd5+ 44. Rd4 Rxd4+ 45. Kxd4 Kb4 46. Kd5 h6 47. Kd4 Ka3 48. Kc5 Kxa2 49. Kxb5 Kb3 50. Kc5 Kc3 51. Kd5 Kd3 52. Ke5 Kxe3 53. Kxf5 Kf3 54. Kg6 Kg2 55. Kxh6 Kxh2 56. Kg5 Kxg3 1/2-1/2

[Event "White Rook U14 Final 2019"]
[Site "Sochi"]
[Date "2019.06.06"]
[Round "3.22"]
[White "Vorzhevitin, Dmitriy"]
[Black "Fomkin, Dmitry"]
[Result "0-1"]
[ECO "B24"]
[WhiteElo "1346"]
[BlackElo "1733"]
[Annotator "NA RC"]
[PlyCount "118"]
[EventDate "2019.06.02"]
[EventCountry "RUS"]
[SourceTitle "playchess.com"]
[Source "ChessBase"]
[SourceQuality "1"]
[TimeControl "5400+30"]

1. e4 c5 2. Nc3 d6 3. g3 Nc6 4. Bg2 e5 5. Nge2 g6 6. O-O Bg7 7. d3 Be6 8. Be3 Nge7 9. f4 O-O 10. Qd2 f5 11. fxe5 Nxe5 12. Nf4 Bf7 13. Rae1 Rb8 14. Kh1 Qd7 15. h3 b5 16. b3 b4 17. Nd1 a5 18. d4 cxd4 19. Bxd4 fxe4 20. Rxe4 Nf5 21. Bf2 d5 22. Re2 Rbd8 23. g4 Ne7 24. Bd4 N7c6 25. Bb2 Rfe8 26. Rfe1 d4 27. Nf2 d3 28. N2xd3 Nxd3 29. Rxe8+ Rxe8 30. Rxe8+ Bxe8 31. Bd5+ Bf7 32. Bxf7+ Kxf7 33. Qxd3 Qxd3 34. Nxd3 Bxb2 35. Nxb2 Ke6 36. Kg2 Kd5 37. Kf2 Kd4 38. Nd1 Ne5 39. Ke2 g5 40. Kf2 Ng6 41. Nb2 Kc3 42. Nc4 a4 43. Ne3 a3 44. Nd5+ Kxc2 45. Nxb4+ Kc3 46. Nd5+ Kb2 47. b4 Kxa2 48. b5 Kb3 49. b6 Ne5 50. b7 Nd7 51. Nf6 Nb8 52. Nxh7 a2 53. Nxg5 a1=Q 54. h4 Qa7+ 55. Kg3 Qxb7 56. h5 Nc6 57. h6 Qc7+ 58. Kh3 Ne5 59. h7 Ng6 0-1

[Event "White Rook U14 Final 2019"]
[Site "Sochi"]
[Date "2019.06.06"]
[Round "3.23"]
[White "Ponomarev, Andrey A."]
[Black "Zenkov, Maksim"]
[Result "1-0"]
[ECO "C07"]
[WhiteElo "1919"]
[BlackElo "1394"]
[Annotator "NA RC"]
[PlyCount "83"]
[EventDate "2019.06.02"]
[EventCountry "RUS"]
[SourceTitle "playchess.com"]
[Source "ChessBase"]
[SourceQuality "1"]
[TimeControl "5400+30"]

1. e4 e6 2. d4 d5 3. Nd2 c5 4. exd5 Qxd5 5. Ngf3 cxd4 6. Bc4 Qd6 7. O-O Nf6 8. Nb3 Nc6 9. Nbxd4 Nxd4 10. Nxd4 a6 11. h3 Qc7 12. Qe2 Bd6 13. Bg5 O-O 14. Bd3 Be5 15. c3 h6 16. Bh4 Rb8 17. Rae1 Bd6 18. Qf3 Nd5 19. Qe4 g6 20. Bc2 b5 21. Bb3 Bb7 22. Nxe6 Nf4 23. Nxc7 Bxe4 24. Rxe4 Bxc7 25. Bg3 g5 26. Bxf4 Bxf4 27. g3 Bc7 28. Re7 Bd6 29. Rd7 Rbd8 30. Bxf7+ Kg7 31. Be6+ Rxd7 32. Bxd7 Bc5 33. Bg4 Rd8 34. Rd1 Rxd1+ 35. Bxd1 a5 36. a3 Kf6 37. Kf1 Ke5 38. Ke2 Ke4 39. Bc2+ Ke5 40. b4 axb4 41. axb4 Bb6 42. Bd3 1-0

[Event "White Rook U14 Final 2019"]
[Site "Sochi"]
[Date "2019.06.06"]
[Round "3.24"]
[White "Golikova, Alisa"]
[Black "Namay, Viktoria"]
[Result "1-0"]
[ECO "B15"]
[WhiteElo "1252"]
[BlackElo "1359"]
[Annotator "NA RC"]
[PlyCount "69"]
[EventDate "2019.06.02"]
[EventCountry "RUS"]
[SourceTitle "playchess.com"]
[Source "ChessBase"]
[SourceQuality "1"]
[TimeControl "5400+30"]

1. e4 c6 2. Nc3 d5 3. Nf3 dxe4 4. Nxe4 Nf6 5. Nxf6+ exf6 6. d4 Bd6 7. Bd3 Nd7 8. O-O O-O 9. Re1 Re8 10. Bd2 Nf8 11. Nh4 Be6 12. Nf5 Bc7 13. Qg4 Ng6 14. h4 Bxf5 15. Bxf5 Ne5 16. Qf4 Nc4 17. Rxe8+ Qxe8 18. Qxc7 Nxd2 19. b3 Rd8 20. Qf4 Rd5 21. Bd3 Qd8 22. Qxd2 Rxd4 23. Rd1 g6 24. h5 Qd5 25. hxg6 hxg6 26. Qe2 Kg7 27. c3 Rh4 28. Bc4 Qg5 29. Qf3 Rh8 30. Rd7 Rf8 31. Qe3 Qg4 32. Qe7 Qg5 33. g3 Qe5 34. Qxe5 fxe5 35. Rxb7 1-0

[Event "White Rook U14 Final 2019"]
[Site "Sochi"]
[Date "2019.06.06"]
[Round "3.25"]
[White "Novoselov, Danil"]
[Black "Hrbek, Stepan"]
[Result "1/2-1/2"]
[ECO "C00"]
[WhiteElo "1723"]
[BlackElo "2013"]
[Annotator "NA RC"]
[PlyCount "143"]
[EventDate "2019.06.02"]
[EventCountry "RUS"]
[SourceTitle "playchess.com"]
[Source "ChessBase"]
[SourceQuality "1"]
[TimeControl "5400+30"]

1. e4 e6 2. d3 d5 3. Nd2 Nf6 4. Ngf3 c5 5. g3 Nc6 6. Bg2 Be7 7. O-O O-O 8. Re1 b5 9. e5 Ne8 10. c3 Bd7 11. d4 c4 12. h4 Nc7 13. Nf1 Re8 14. N1h2 a5 15. Ng5 h6 16. Nh3 b4 17. Qh5 Bf8 18. Ng4 Ne7 19. Bxh6 gxh6 20. Nf6+ Kg7 21. Qg4+ Ng6 22. Nxe8+ Qxe8 23. h5 Kh7 24. hxg6+ fxg6 25. Re3 Bg7 26. Nf4 Rb8 27. Bf3 bxc3 28. bxc3 Ba4 29. Bd1 Bxd1 30. Rxd1 h5 31. Qf3 Bh6 32. Re2 Qa4 33. Rde1 Qd7 34. Qg2 Qf7 35. Nh3 Qf5 36. f4 Kg8 37. Kh2 Qd3 38. Rb2 Rf8 39. Qc2 Qxc2+ 40. Rxc2 Rb8 41. Ree2 a4 42. Rb2 Rb5 43. Ng5 Bxg5 44. fxg5 a3 45. Rxb5 Nxb5 46. Re3 Na7 47. Rf3 Nb5 48. Kg2 Kg7 49. Kf2 Nc7 50. Ke2 Ne8 51. Rf1 Kg8 52. Rb1 Ng7 53. Rb8+ Kf7 54. Ra8 Nf5 55. Kf3 h4 56. g4 Ng3 57. Rh8 Ne4 58. Rxh4 Nxc3 59. Rh2 Ne4 60. Rh7+ Ke8 61. Ke3 Nc3 62. Rh2 Kd7 63. Rh7+ Ke8 64. Ra7 Nxa2 65. Rxa3 Nb4 66. Kd2 Nd3 67. Kc3 Ke7 68. Ra1 Nf2 69. Rf1 Ne4+ 70. Kc2 Ke8 71. Rh1 Kf7 72. Rf1+ 1/2-1/2

[Event "White Rook U14 Final 2019"]
[Site "Sochi"]
[Date "2019.06.06"]
[Round "3.26"]
[White "Soucek, Jan"]
[Black "Shmarov, Mikhail"]
[Result "1-0"]
[ECO "C01"]
[WhiteElo "1543"]
[BlackElo "1724"]
[Annotator "NA RC"]
[PlyCount "137"]
[EventDate "2019.06.02"]
[EventCountry "RUS"]
[SourceTitle "playchess.com"]
[Source "ChessBase"]
[SourceQuality "1"]
[TimeControl "5400+30"]

1. e4 e6 2. d4 d5 3. exd5 exd5 4. c4 Nf6 5. Nc3 Bb4 6. Nf3 O-O 7. a3 Bxc3+ 8. bxc3 Ne4 9. Bb2 Re8 10. Be2 Qe7 11. cxd5 Bg4 12. Qd3 Ng5 13. O-O-O Ne4 14. Qe3 Qd8 15. Ne5 Bxe2 16. Qxe2 Qg5+ 17. Kb1 Nd6 18. Qf3 f6 19. h4 Qh6 20. Bc1 Qxc1+ 21. Kxc1 fxe5 22. dxe5 Rxe5 23. Rhe1 Nd7 24. Qg4 Nf6 25. Qa4 Re4 26. Rxe4 Nfxe4 27. Qd4 Rf8 28. f3 Ng3 29. Kd2 b6 30. Re1 h5 31. c4 Ngf5 32. Qd3 a5 33. Kc3 Rb8 34. Re5 Rf8 35. Kb2 a4 36. Kb1 Rf7 37. Ka2 Rf8 38. Qc2 g6 39. Qxa4 Rf7 40. Qc2 Kg7 41. a4 Nxh4 42. c5 Ndf5 43. cxb6 cxb6 44. Qb2 Kh7 45. Qxb6 Nxg2 46. Qg1 Ngh4 47. Re6 Ng7 48. Qg3 Ngf5 49. Qg5 Rg7 50. d6 Nxf3 51. Qf4 N3d4 52. Re8 h4 53. a5 Nb5 54. Re6 Nc3+ 55. Kb3 Nb5 56. Qe5 Nbd4+ 57. Kc4 Nxe6 58. Qxe6 Ra7 59. d7 Rc7+ 60. Kd3 Rc1 61. Kd2 Rc2+ 62. Kd1 h3 63. d8=Q Rg2 64. Qef6 Rg1+ 65. Kd2 Rg2+ 66. Kc3 Rg3+ 67. Kb4 Rg4+ 68. Kc5 Ng7 69. Qxg7+ 1-0

[Event "White Rook U14 Final 2019"]
[Site "Sochi"]
[Date "2019.06.06"]
[Round "3.27"]
[White "Lotcmanov, Aleksandr"]
[Black "Hrbek, Jachym"]
[Result "0-1"]
[ECO "C01"]
[WhiteElo "1326"]
[BlackElo "1394"]
[Annotator "NA RC"]
[PlyCount "98"]
[EventDate "2019.06.02"]
[EventCountry "RUS"]
[SourceTitle "playchess.com"]
[Source "ChessBase"]
[SourceQuality "1"]
[TimeControl "5400+30"]

1. e4 e6 2. Nc3 d5 3. exd5 exd5 4. d4 Nf6 5. Nf3 Bd6 6. Bg5 Nbd7 7. Nxd5 O-O 8. Nxf6+ Nxf6 9. Be2 b6 10. O-O Bb7 11. Bd3 Kh8 12. Ne5 Bxe5 13. dxe5 Qd5 14. f3 Qxe5 15. Bxf6 Qxf6 16. c3 Qg5 17. Re1 Rad8 18. Qe2 Bc6 19. Kh1 Rfe8 20. Qc2 h5 21. Rad1 h4 22. Rxe8+ Rxe8 23. Rf1 Qe5 24. Qf2 g5 25. Be4 Bb5 26. Rd1 Qf4 27. Qd4+ Kg8 28. c4 Ba6 29. b3 Bc8 30. Kg1 f5 31. Bd5+ Kh7 32. Qxf4 gxf4 33. Kf2 Re3 34. Rd4 Rc3 35. Rd2 Kg6 36. Ke2 Re3+ 37. Kd1 Kf6 38. Re2 Ke5 39. g3 Rxe2 40. Kxe2 fxg3 41. hxg3 hxg3 42. Ke3 f4+ 43. Ke2 Kd4 44. b4 Bf5 45. Be4 Bxe4 46. fxe4 Kxe4 47. c5 bxc5 48. bxc5 f3+ 49. Kf1 Ke5 0-1

[Event "White Rook U14 Final 2019"]
[Site "Sochi"]
[Date "2019.06.06"]
[Round "3.29"]
[White "Balashov, Arseny"]
[Black "Lotnik, Vladislav"]
[Result "1-0"]
[ECO "A11"]
[WhiteElo "1990"]
[BlackElo "1490"]
[Annotator "NA RC"]
[PlyCount "73"]
[EventDate "2019.06.02"]
[EventCountry "RUS"]
[SourceTitle "playchess.com"]
[Source "ChessBase"]
[SourceQuality "1"]
[TimeControl "5400+30"]

1. Nf3 d5 2. e3 c6 3. c4 e6 4. b3 f5 5. Bb2 Nf6 6. Be2 Bd6 7. Ne5 O-O 8. O-O Nbd7 9. f4 Qc7 10. d4 Ne4 11. Nd2 Ndf6 12. Rc1 Qa5 13. Nxe4 Nxe4 14. Qc2 Bxe5 15. dxe5 Bd7 16. Bf3 Rac8 17. Bxe4 fxe4 18. g4 Qc5 19. Bd4 Qa3 20. Qg2 b5 21. f5 bxc4 22. bxc4 Qe7 23. f6 gxf6 24. exf6 Qf7 25. Bxa7 Qg6 26. g5 h6 27. gxh6 Kh7 28. Qxg6+ Kxg6 29. Bd4 c5 30. Be5 dxc4 31. f7 Kxh6 32. Rf6+ Kg5 33. Rc2 Rc6 34. Rg2+ Kh5 35. Rfg6 Rb6 36. R2g5+ Kh4 37. Bg3+ 1-0

[Event "White Rook U14 Final 2019"]
[Site "Sochi"]
[Date "2019.06.06"]
[Round "3.30"]
[White "Kostornichenko, Yana"]
[Black "Mikheev, Arsenii E."]
[Result "1-0"]
[ECO "B43"]
[WhiteElo "1706"]
[BlackElo "1500"]
[Annotator "NA RC"]
[PlyCount "109"]
[EventDate "2019.06.02"]
[EventCountry "RUS"]
[SourceTitle "playchess.com"]
[Source "ChessBase"]
[SourceQuality "1"]
[TimeControl "5400+30"]

1. e4 c5 2. Nf3 e6 3. d4 cxd4 4. Nxd4 a6 5. Nc3 Qc7 6. g3 Bb4 7. Bd2 Nc6 8. Nb3 Nf6 9. Bg2 d6 10. O-O O-O 11. f4 e5 12. f5 Na5 13. Nxa5 Bxa5 14. Kh1 b5 15. Nd5 Qd8 16. Bxa5 Qxa5 17. Nxf6+ gxf6 18. Qxd6 Qd8 19. Rfd1 Bb7 20. Rd3 Kg7 21. Rad1 Qa5 22. Qe7 Rab8 23. Rd6 Qxa2 24. Qxf6+ Kg8 25. Qxe5 Qc4 26. c3 Rbe8 27. Qd4 Qe2 28. Qd2 Qxd2 29. R1xd2 Bxe4 30. Bxe4 Rxe4 31. Rxa6 Re5 32. Rf2 Rfe8 33. Ra5 Kg7 34. Kg2 Kf6 35. h3 Rb8 36. h4 Rxf5 37. Rxf5+ Kxf5 38. c4 Ke4 39. Rxb5 Rc8 40. b3 Kd4 41. Rh5 Kc3 42. Rb5 Rc7 43. Kf3 Rd7 44. Kf4 Re7 45. Kf5 Re3 46. g4 Rf3+ 47. Ke4 Rf6 48. c5 Re6+ 49. Kd5 Rg6 50. c6 Rxg4 51. c7 Rd4+ 52. Ke5 f6+ 53. Kxf6 Rd6+ 54. Ke7 Rc6 55. Kd7 1-0

[Event "White Rook U14 Final 2019"]
[Site "Sochi"]
[Date "2019.06.06"]
[Round "3.31"]
[White "Klimovskikh, Nikita"]
[Black "Abubekerov, Iliya"]
[Result "0-1"]
[ECO "C01"]
[WhiteElo "1333"]
[BlackElo "1199"]
[Annotator "NA RC"]
[PlyCount "106"]
[EventDate "2019.06.02"]
[EventCountry "RUS"]
[SourceTitle "playchess.com"]
[Source "ChessBase"]
[SourceQuality "1"]
[TimeControl "5400+30"]

1. e4 e6 2. d4 d5 3. exd5 exd5 4. Bd3 Bd6 5. c3 c6 6. Nf3 Nf6 7. Bg5 O-O 8. O-O Bg4 9. Nbd2 Nbd7 10. Qc2 h6 11. Bh4 Qc7 12. Bg3 Bxg3 13. hxg3 Rfe8 14. Rfe1 Rxe1+ 15. Rxe1 Re8 16. Rxe8+ Nxe8 17. Nf1 Nef6 18. Ne3 Bxf3 19. gxf3 c5 20. dxc5 Qxc5 21. Bf5 Ne5 22. f4 Nc4 23. Nxc4 dxc4 24. Bh3 Qd6 25. Qf5 Qd1+ 26. Kg2 Qd5+ 27. Qxd5 Nxd5 28. Kf3 Nb6 29. Bf1 Na4 30. Bxc4 Nxb2 31. Bb3 Nd3 32. Ke3 Nc5 33. Kd4 b6 34. Kd5 Kf8 35. Kc6 f6 36. Kc7 h5 37. Kb8 Nxb3 38. axb3 g5 39. Kxa7 h4 40. fxg5 fxg5 41. gxh4 gxh4 42. Kxb6 h3 43. c4 h2 44. c5 h1=Q 45. b4 Qa8 46. c6 Ke7 47. Kc5 Qa7+ 48. Kb5 Kd6 49. f4 Qa8 50. c7 Kxc7 51. f5 Qd5+ 52. Ka4 Qxf5 53. b5 Qb1 0-1

[Event "White Rook U14 Final 2019"]
[Site "Sochi"]
[Date "2019.06.06"]
[Round "3.32"]
[White "Kulish, Glafira"]
[Black "Belova, Tatyana"]
[Result "1/2-1/2"]
[ECO "D36"]
[WhiteElo "1379"]
[BlackElo "1584"]
[Annotator "NA RC"]
[PlyCount "85"]
[EventDate "2019.06.02"]
[EventCountry "RUS"]
[SourceTitle "playchess.com"]
[Source "ChessBase"]
[SourceQuality "1"]
[TimeControl "5400+30"]

1. d4 d5 2. c4 e6 3. Nc3 Nf6 4. cxd5 exd5 5. Bg5 Be7 6. e3 Nbd7 7. Qc2 c6 8. Bd3 h6 9. Bh4 Nh5 10. Bxe7 Qxe7 11. Nge2 Nb6 12. O-O Bd7 13. Rab1 g5 14. b4 Ng7 15. e4 Rc8 16. Ng3 dxe4 17. Ngxe4 Nd5 18. Rfe1 Kd8 19. Nc5 Be6 20. Bc4 Qc7 21. b5 Bf5 22. Bd3 Bxd3 23. Qxd3 Nxc3 24. Qxc3 cxb5 25. d5 Qxc5 26. Qxg7 Qf8 27. Qf6+ Kd7 28. Rxb5 b6 29. Qf5+ Kc7 30. d6+ Qxd6 31. Rc1+ Kb8 32. Re1 Qc7 33. Rbe5 Qc4 34. Qd7 Qc7 35. Re7 Qxd7 36. Rxd7 f5 37. g3 Rcd8 38. Rf7 Rdf8 39. Rg7 f4 40. Ree7 fxg3 41. Rb7+ Kc8 42. Rbc7+ Kb8 43. Rb7+ 1/2-1/2

[Event "White Rook U14 Final 2019"]
[Site "Sochi"]
[Date "2019.06.06"]
[Round "3.33"]
[White "Mertsalov, Roman"]
[Black "Sargsyan, Gor K."]
[Result "1-0"]
[ECO "E72"]
[WhiteElo "1349"]
[BlackElo "1641"]
[Annotator "NA RC"]
[PlyCount "75"]
[EventDate "2019.06.02"]
[EventCountry "RUS"]
[SourceTitle "playchess.com"]
[Source "ChessBase"]
[SourceQuality "1"]
[TimeControl "5400+30"]

1. d4 Nf6 2. c4 g6 3. Nc3 Bg7 4. e4 d6 5. g3 O-O 6. Bg2 c5 7. Nge2 a6 8. O-O Qc7 9. dxc5 Qxc5 10. Qb3 Qc7 11. Be3 Nbd7 12. Nd5 Nxd5 13. cxd5 Nc5 14. Bxc5 dxc5 15. Rac1 b6 16. f4 Bg4 17. Nc3 Bd4+ 18. Kh1 Rad8 19. h3 Bc8 20. e5 b5 21. Ne2 Qa7 22. Nxd4 cxd4 23. g4 Bb7 24. f5 Qa8 25. Rc5 e6 26. fxg6 fxg6 27. Rxf8+ Kxf8 28. Qf3+ Kg8 29. Qf6 Rf8 30. Qxe6+ Kh8 31. Qe7 Rf2 32. Rc7 Qg8 33. Rxb7 d3 34. Qc5 d2 35. Qd4 Qf8 36. e6+ Qf6 37. e7 Rf1+ 38. Bxf1 1-0

[Event "White Rook U14 Final 2019"]
[Site "Sochi"]
[Date "2019.06.06"]
[Round "3.34"]
[White "Grigoryan, Hayk V."]
[Black "Mertsalov, Semen"]
[Result "1/2-1/2"]
[ECO "B90"]
[WhiteElo "1423"]
[BlackElo "1477"]
[Annotator "NA RC"]
[PlyCount "132"]
[EventDate "2019.06.02"]
[EventCountry "RUS"]
[SourceTitle "playchess.com"]
[Source "ChessBase"]
[SourceQuality "1"]
[TimeControl "5400+30"]

1. e4 c5 2. Nf3 d6 3. d4 cxd4 4. Nxd4 Nf6 5. Nc3 a6 6. f3 e5 7. Nb3 Be6 8. Be3 Nbd7 9. Qd2 b5 10. O-O-O h5 11. Kb1 Rc8 12. a3 Be7 13. Rg1 Qc7 14. Be2 Nb6 15. Bxb6 Qxb6 16. Nd5 Bxd5 17. exd5 a5 18. Qxa5 Qxa5 19. Nxa5 Rc5 20. Nb3 Rxd5 21. Rxd5 Nxd5 22. Bxb5+ Kd8 23. Bc4 Nf4 24. Bxf7 Kc7 25. g3 Rf8 26. Bc4 Nh3 27. Rf1 Ng5 28. Be2 g6 29. c4 Rb8 30. Kc2 Ne6 31. Bd3 g5 32. Kc3 Bf6 33. Be4 Nd4 34. Nc1 Rb6 35. b4 Ra6 36. Kb2 Ra4 37. Nb3 Ne6 38. Rd1 Ra6 39. Rd5 Rc6 40. Kc3 Rb6 41. c5 dxc5 42. Nxc5 Nxc5 43. Rxc5+ Kb8 44. Rc6 Rxc6+ 45. Bxc6 e4+ 46. Kd2 exf3 47. Bxf3 h4 48. gxh4 gxh4 49. h3 Kc7 50. Kd3 Kb6 51. Kc4 Ka6 52. a4 Bd8 53. Bg4 Bc7 54. Kc5 Bb6+ 55. Kc6 Bd8 56. Bc8+ Ka7 57. a5 Kb8 58. Bg4 Bc7 59. Kb5 Ka7 60. Bf3 Bd8 61. Kc6 Kb8 62. Be2 Bc7 63. Kd7 Bf4 64. Kc6 Bc7 65. a6 Bd8 66. b5 Ka7 1/2-1/2